 Dungeon Crawl Stone Soup version 0.27.1-33-g824d729ab1 (webtiles) character file.

Game seed: 2970544572809805191

233 ces the Sneak (level 5, -2/26 HPs)
             Began as a Spriggan Hunter on Dec 7, 2021.
             Was an Initiate of Gozag.
             Killed by nerve-wracking pain
             ... invoked by Grinder
              (10 damage)
             ... while paralysed by Grinder
             ... on level 5 of the Dungeon.
             The game lasted 00:06:26 (5369 turns).

ces the Sneak (Spriggan Hunter)                     Turns: 5369, Time: 00:06:27

Health: -2/26      AC:  3    Str:  8    XL:     5   Next: 75%
Magic:  6/6        EV:  4    Int: 13    God:    Gozag
Gold:   252        SH:  0    Dex: 16    Spells: 4/4 levels left

rFire    . . .     SeeInvis +   a - +1 hand crossbow
rCold    . . .     Faith    .   (shield restricted)
rNeg     . . .     Spirit   .   c - +1 robe
rPois    .         Reflect  .   (helmet restricted)
rElec    .         Harm     .   (no cloak)
rCorr    .         Rampage  .   (gloves unavailable)
Will     .....                  (boots unavailable)
Stlth    ++++......             (no amulet)
HPRegen  0.08/turn              (no ring)
MPRegen  0.10/turn              (no ring)

@: paralysed, very quick
A: very small, no large weapons, unfitting armour, see invisible, speed 3
a: Renounce Religion, Potion Petition, Call Merchant, Bribe Branch


You were on level 5 of the Dungeon.
You worshipped Gozag.
Gozag was aware of your devotion.
You visited 1 branch of the dungeon, and saw 5 of its levels.

You collected 282 gold pieces.
You paid 30 gold pieces to Gozag.

Inventory:

Hand Weapons
 a - a +1 hand crossbow (weapon)
 b - a +2 dagger of holy wrath
Missiles
 m - 23 bolts (quivered ammo)
Armour
 c - a +1 robe (worn)
Scrolls
 f - 2 scrolls of identify
 k - a scroll of noise
Potions
 d - a potion of lignification {unknown}
 e - a potion of flight {unknown}
 h - a potion of brilliance
 i - a potion of invisibility {unknown}
 j - a potion of might {unknown}


   Skills:
 - Level 2.1 Fighting
 - Level 4.3 Crossbows
 - Level 3.4 Dodging
 * Level 7.9 Stealth


You had 4 spell levels left.
You didn't know any spells.
Your spell library contained the following spells:

 Spells                   Type           Power      Damage    Failure   Level
 Beastly Appendage        Tmut           0%         N/A       30%         1
 Shock                    Conj/Air       0%         1d3       30%         1
 Wereblood                Tmut           0%         N/A       43%         2
 Spider Form              Tmut/Pois      0%         N/A       67%         3
 Swiftness                Air            0%         N/A       67%         3
 Airstrike                Air            0%         N/A       97%         4


Dungeon Overview and Level Annotations

Branches:
Dungeon (5/15)
 Temple: D:4-7

Altars:
Ashenzari
Cheibriados
Gozag
Hepliaklqana
Okawaru
Uskayaw
Zin

Shops:
D:1 *

Annotations:
D:3 1 runed translucent door, Crazy Yiuf, Sigmund
D:5 Grinder


Innate Abilities, Weirdness & Mutations

You are very small and have problems with some larger weapons.
You are too small for most types of armour.
You have supernaturally acute eyesight. (SInv)
You cover ground extremely quickly. (Speed+++)


Message History

You climb downwards.
There is a stone staircase leading up here.
Found a scroll of identify and 23 bolts.
f - 2 scrolls of identify (gained 1)
m - 30 bolts (gained 23) Grinder comes into view.
Found a blackened iron wand.
Grinder is nearby!
Grinder is nearby!
You shoot a bolt. The bolt hits Grinder.
Grinder shouts!
Grinder is lightly wounded.
A quokka comes into view.
You shoot a bolt. The bolt hits Grinder!
Grinder is moderately wounded.
You shoot a bolt. The bolt closely misses Grinder.
Grinder blinks!
You shoot a bolt. The bolt barely misses Grinder.
You shoot a bolt. The bolt hits Grinder!
Grinder is heavily wounded.
You shoot a bolt.
The bolt hits Grinder but does no damage.
Grinder is heavily wounded.
The quokka closely misses you. Grinder misses you. The quokka bites you.
Fire: 24 bolts
Press: ? - help, Q - select action, (/) - cycle Shift-Dir - straight line, f/p - Grinder
Aim: Grinder (heavily wounded, 64% to hit)
You shoot a bolt.
The bolt hits Grinder but does no damage.
Grinder is heavily wounded.
Grinder hits you.
You writhe in agony.
The quokka bites you. Grinder hits you!
You writhe in agony.
* * * LOW HITPOINT WARNING * * *
There is a stone staircase leading up here.
Grinder gestures at you.
You suddenly lose the ability to move!
The quokka twitches its whiskers.
Grinder gestures at you. Pain shoots through your body!
You die...
Your body crumbles into a pile of gold.

#.# #.# #.# #.#
#.# #.# .
##########.######.
#@.5r.......(.....
##########........
#..(.....
#..(.....
#........
#######.. .


You could see Grinder and a quokka.

Vanquished Creatures
  An ogre (D:4)
  A jelly (D:4)
  An iguana (D:4)
  Robin (D:2)
  An adder (D:4)
  2 worms
  3 bats
  3 endoplasms
  5 giant cockroaches
  12 goblins
  11 hobgoblins
  5 jackals (D:2)
  4 quokkas
  A frilled lizard (D:1)
  4 kobolds
  A rat (D:2)
56 creatures vanquished.

Notes
Turn   | Place    | Note
-------+----------+-------------------------------------------
     0 | D:1      | ces the Spriggan Hunter began the quest for the Orb.
     0 | D:1      | Reached XP level 1. HP: 10/10 MP: 2/2
   330 | D:1      | Found Hytustreid's Assorted Antiques.
   364 | D:1      | Reached skill level 2 in Stealth
  1000 | D:1      | Reached XP level 2. HP: 12/15 MP: 3/3
  1736 | D:2      | Reached skill level 3 in Stealth
  1739 | D:2      | Noticed Robin
  1750 | D:2      | Killed Robin
  1751 | D:2      | Reached XP level 3. HP: 18/18 MP: 4/4
  2319 | D:2      | Found a faded altar of an unknown god.
  2805 | D:2      | Reached skill level 4 in Stealth
  2995 | D:3      | Found a glowing silver altar of Zin.
  3004 | D:3      | Found an opulent altar of Gozag.
  3009 | D:3      | Found a snail-covered altar of Cheibriados.
  3009 | D:3      | Found a broken altar of Ashenzari.
  3010 | D:3      | Found a hide-covered altar of Uskayaw.
  3010 | D:3      | Found a hazy altar of Hepliaklqana.
  3011 | D:3      | Found an iron altar of Okawaru.
  3022 | D:3      | Became a worshipper of Gozag Ym Sagoz the Greedy
  3389 | D:3      | Reached XP level 4. HP: 23/23 MP: 5/5
  3806 | D:3      | Found a runed translucent door.
  3807 | D:3      | Noticed Crazy Yiuf
  3965 | D:3      | Noticed Sigmund
  4392 | D:4      | Noticed an ogre
  4433 | D:4      | Killed an ogre
  4434 | D:4      | Reached skill level 6 in Stealth
  4434 | D:4      | Reached XP level 5. HP: 26/26 MP: 6/6
  4837 | D:4      | Reached skill level 7 in Stealth
  5329 | D:5      | Entered Level 5 of the Dungeon
  5346 | D:5      | Noticed Grinder
  5366 | D:5      | Paralysed by Grinder for 7 turns
  5369 | D:5      | Killed from afar by Grinder

Illustrated notes

Levels and vault maps discovered:
D:1:      dpeg_arrival_court, layout_basic, serial_shops, shop
D:2:      layout_loops_ring, shapermc_ecumenical_altar_petra, uniq_robin
D:3:      layout_loops_corners, grunt_temple_overflow_open,
          kennysheep_minor_cross, uniq_sigmund, uniq_crazy_yiuf_cottage
D:4:      layout_gridville
D:5:      layout_basic, brannock_xom_greatest_gift, uniq_grinder,
          uniq_blork_the_orc

Skill      XL: |  1  2  3  4  5 |
---------------+----------------+-----
Stealth        | 2 3 4 6 7 |  7.9
Dodging        | 3 |  3.4
Fighting       | 2 |  2.1
Crossbows      | |  4.3

Action                   |  1- 3 |  4- 6 || total
-------------------------+-------+-------++-------
Melee: Short sword       |    64 |       ||    64
       Dagger            |    25 |     2 ||    27
 Fire: Hand crossbow     |    48 |    54 ||   102
  Use: Scroll            |       |     6 ||     6
 Stab: Sleeping          |     5 |     2 ||     7
Armor: Robe              |    13 |       ||    13
Dodge: Dodged            |    63 |     6 ||    69
